 Dungeon Crawl Stone Soup version 0.17-a0-1920-gafa4d75 (webtiles) character file.

1609 volk64 the Ruffian (level 8, -2/70 HPs)
             Began as a Ghoul Monk on Aug 2, 2015.
             Was a Follower of Cheibriados.
             Slain by a water moccasin (4 damage)
             ... on level 6 of the Dungeon on Sept 27, 2015.
             The game lasted 00:28:53 (5264 turns).

volk64 the Ruffian (Ghoul Monk)                     Turns: 5264, Time: 00:28:56

Health: -2/70      AC:  7    Str: 18    XL:     8   Next: 95%
Magic:  8/8        EV: 13    Int:  7    God:    Cheibriados [*.....]
Gold:   292        SH:  0    Dex: 14    Spells: 0 memorised, 7 levels left

rFire  . . .     SeeInvis +       - Unarmed
rCold  + . .     Clarity  .     e - +0 ring mail
rNeg   + + +     SustAt   .     (no shield)
rPois  ∞         Gourm    .     d - +0 helmet
rElec  .         Spirit   .     (no cloak)
rCorr  +         Warding  .     (no gloves)
rMut   .         Stasis   .     (no boots)
MR     .....                    f - amulet of resist corrosion
Stlth  ++........               n - ring of see invisible
                                j - ring of flight

@: rotting, very slow, not resistant to hostile enchantments, unstealthy
A: rotting body, claws 1, carnivore 3, cold resistance 1, negative energy
resistance 3, slow healing 1, torment resistance, unbreathing
a: Bend Time, Renounce Religion, Evoke Flight


You were on level 6 of the Dungeon.
You worshipped Cheibriados.
Cheibriados was aware of your devotion.
You were not hungry.

You visited 2 branches of the dungeon, and saw 7 of its levels.

You collected 292 gold pieces.

Inventory:

Armour
 a - a +1 robe
 d - a +0 helmet (worn)
 e - a +0 ring mail (worn)
Jewellery
 f - an amulet of resist corrosion (around neck)
 j - a ring of flight (left claw)
 n - a ring of see invisible (right claw)
Magical devices
 v - a wand of frost (42)
 w - a wand of slowing (18)
Scrolls
 g - a scroll of fear
 h - 3 scrolls of recharging
 m - 3 scrolls of identify
 p - a scroll of fog {unknown}
 q - a scroll of enchant weapon {unknown}
 t - a scroll of blinking
 u - 2 scrolls of teleportation {unknown}
 x - a scroll of remove curse
 y - a scroll of silence {unknown}
Potions
 c - 2 potions of haste
 i - 3 potions of heal wounds
 k - a potion of resistance
 r - a potion of agility
 s - a potion of brilliance
Books
 o - a book of Enchantments

   Spells                             Type                      Level
   a - Cause Fear                     Hexes                        4
   b - Silence                        Hexes/Air                    5
   c - Deflect Missiles               Charms/Air                   6
   d - Haste                          Charms                       6
   e - Discord                        Hexes                        8
Comestibles
 b - 3 meat rations
 l - 2 beef jerkies
 z - 3 chunks of flesh
 A - a royal jelly


   Skills:
 + Level 6.0 Fighting
 + Level 4.2 Armour
 + Level 5.3 Dodging
 + Level 3.7 Stealth
 + Level 7.9 Unarmed Combat
 + Level 2.5 Invocations


You had 7 spell levels left.
You didn't know any spells.

Dungeon Overview and Level Annotations

Branches:
Dungeon (6/15)             Temple (1/1) D:6

Altars:
Ashenzari
Cheibriados
Dithmenos
Elyvilon
Fedhas
Gozag
Kikubaaqudgha
Makhleb
Okawaru
Qazlal
Sif Muna
Trog
Vehumet
Xom
Yredelemnul
Zin
The Shining One

Shops:
D:4 *(


Innate Abilities, Weirdness & Mutations

Your body is rotting away.
You thrive on raw meat.
You are immune to poison.
You have sharp fingernails.
You are carnivorous and can eat meat at any time.
Your flesh is cold resistant.
You are immune to negative energy.
You heal slowly when monsters are visible.
You are immune to unholy pain and torment.
You can survive without breathing.


Message History

You scratch the orc warrior but do no damage.
You claw the orc warrior, but do no damage.
The orc warrior is lightly wounded.
The orc barely misses you. The orc hits you but does no damage.
The orc warrior hits you with a flail!!
* * * LOW HITPOINT WARNING * * *
You are too injured to fight recklessly!
You are too injured to fight recklessly!
You are too injured to fight recklessly!
You claw the orc!
You kill the orc!
Cheibriados appreciates the change of pace.
The orc closely misses you.
You scratch the orc warrior but do no damage.
The orc warrior is lightly wounded.
The water moccasin bites you but does no damage.
The orc warrior hits you with a flail!
* * * LOW HITPOINT WARNING * * *
The water moccasin bites you.
You die...

##.....# ....
#......+ ...
+.....<# ...
#......# #.#
##.....# # #.#
##..... .###.##.##
##...## .....oo).#
##+## ......S@.# #.#
.###.###.# #.#
#.###.##### ##.#####
#.........###......#
#####.###.##..[..#.#
#.# #.###...##.# .(#
#÷# #..###.## ####
#.###........
#.....[###.##


You could see an orc warrior, a water moccasin and an orc.

Vanquished Creatures
  2 centaur zombies (D:6)
  The ghost of Chiseanne the Magician, an experienced DsWn (D:4)
  An ice beast (D:4)
  An orc warrior (D:6)
  A necrophage (D:5)
  A centaur (D:5)
  2 giant frogs (D:6)
  A wight (D:6)
  A crimson imp (D:5)
  3 orc priests
  A gnoll shaman (D:4)
  2 jellies (D:6)
  2 giant frog skeletons (D:4)
  5 orc wizards
  A worker ant (D:6)
  2 iguanas (D:5)
  Natasha (thrice) (D:2)
  A centaur skeleton (D:5)
  3 gnolls (D:4)
  4 adders
  2 oozes
  An adder zombie (D:6)
  An adder skeleton (D:6)
  4 worms
  A giant gecko (D:1)
  10 orcs
  3 giant cockroaches
  8 goblins
  8 hobgoblins
  4 jackals
  7 quokkas
  A ball python (D:4)
  11 bats
  5 giant newts
  10 kobolds
  12 rats
126 creatures vanquished.

Vanquished Creatures (collateral kills)
  An ogre (D:4)
  A scorpion (D:5)
  A kobold (D:2)
  A bat (D:3)
4 creatures vanquished.

Vanquished Creatures (others)
  A bat zombie (D:2)
  A hobgoblin zombie (D:2)
2 creatures vanquished.

Grand Total: 132 creatures vanquished

Notes
Turn   | Place    | Note
--------------------------------------------------------------
     0 | D:1      | volk64 the Ghoul Monk began the quest for the Orb.
     0 | D:1      | Reached XP level 1. HP: 19/19 MP: 0/0
   283 | D:1      | Reached XP level 2. HP: 26/26 MP: 1/1
   540 | D:1      | Reached XP level 3. HP: 19/31 MP: 2/2
   926 | D:2      | Reached skill level 5 in Unarmed Combat
  1020 | D:2      | Found a basalt altar of Yredelemnul.
  1025 | D:2      | Became a worshipper of Yredelemnul the Dark
  1025 | D:2      | Acquired Yredelemnul's first power
  1025 | D:2      | Acquired Yredelemnul's second power
  1338 | D:2      | Reached XP level 4. HP: 40/40 MP: 3/3
  1463 | D:2      | Noticed Natasha
  1482 | D:2      | Killed Natasha
  1621 | D:2      | Noticed Natasha
  1627 | D:2      | Killed Natasha
  1704 | D:2      | Noticed Natasha
  1708 | D:2      | Killed Natasha
  1720 | D:3      | Upgraded the game from 0.17-a0-1625-g47e540b to 0.17-a0-1636-g3119f2b
  1841 | D:3      | Reached XP level 5. HP: 46/46 MP: 4/4
  2110 | D:3      | Found a bloodstained altar of Trog.
  2112 | D:3      | Found a burning altar of Makhleb.
  2313 | D:3      | Acquired Yredelemnul's third power
  2568 | D:4      | Noticed Chiseanne's ghost (experienced DsWn)
  2631 | D:4      | Reached skill level 1 in Armour
  2696 | D:4      | Killed Chiseanne's ghost
  2696 | D:4      | Reached skill level 6 in Unarmed Combat
  2696 | D:4      | Reached skill level 1 in Invocations
  2696 | D:4      | Reached XP level 6. HP: 30/53 MP: 5/5
  2696 | D:4      | Reached XP level 7. HP: 33/60 MP: 6/6
  2858 | D:4      | Noticed an ice beast
  2892 | D:4      | Killed an ice beast
  2959 | D:4      | Found Guirek's Antique Weapon Boutique.
  2976 | D:4      | Found a deep blue altar of Sif Muna.
  3111 | D:4      | Reached skill level 5 in Fighting
  3131 | D:4      | Noticed an ogre
  3137 | D:4      | Killed an ogre
  3137 | D:4      | Reached XP level 8. HP: 16/68 MP: 5/7
  3501 | D:4      | Found an opulent altar of Gozag.
  3503 | D:4      | Found Gozag's Platinum Reserve.
  3698 | D:5      | Entered Level 5 of the Dungeon
  3747 | D:5      | Reached skill level 5 in Dodging
  3747 | D:5      | Reached skill level 7 in Unarmed Combat
  4481 | D:5      | Upgraded the game from 0.17-a0-1636-g3119f2b to 0.17-a0-1920-gafa4d75
  4529 | D:6      | Found a staircase to the Ecumenical Temple.
  4538 | Temple   | Entered the Ecumenical Temple
  4598 | Temple   | Fell from the grace of Yredelemnul
  4598 | Temple   | Became a worshipper of Cheibriados the Contemplative
  5072 | D:6      | Noticed a centaur zombie
  5072 | D:6      | Noticed a centaur zombie
  5082 | D:6      | Killed a centaur zombie
  5091 | D:6      | Killed a centaur zombie
  5253 | D:6      | Acquired Cheibriados's first power
  5264 | D:6      | HP: 2/70 [orc warrior/flail (17)]
  5264 | D:6      | Slain by a water moccasin

Vault maps used:
D:1:      dpeg_arrival_subterranean_lakeside_camping
D:2:      overflow_temple_1_default, uniq_natasha
D:3:      grunt_temple_overflow_open, columned_hall_lemuel
D:4:      nicolae_gozag_zags_fifth_avenue, led_sif_pool, serial_shops,
          nicolae_shop_crystal, kennysheep_donut, bh_walls_and_bars
D:5:      first_bread
D:6:      kennysheep_little_box, minmay_temple_entry_grid, uniq_prince_ribbit1
Temple:   circular_temple_12

Action                   |  1- 3 |  4- 6 |  7- 9 || total
-------------------------+-------+-------+-------++-------
Melee: Unarmed           |   142 |   164 |   219 ||   525
Invok: Animate Remains   |     2 |     1 |       ||     3
       Animate Dead      |       |     1 |     5 ||     6
  Use: Scroll            |     3 |     5 |       ||     8
       Potion            |     2 |     6 |       ||     8
 Stab: Sleeping          |     4 |     1 |     6 ||    11
  Eat: Chunk             |    13 |    11 |    14 ||    38
